 Dungeon Crawl Stone Soup version 0.27-a0-1184-ge86db4a01e (webtiles) character file.

Game seed: 7092408750406451857

53 pokeman the Magician (level 3, -2/20 HPs)
             Began as a Deep Elf Hedge Wizard on May 19, 2021.
             Killed by miscasting Mephitic Cloud (12 damage)
             ... on level 2 of the Dungeon.
             The game lasted 00:04:30 (1473 turns).

pokeman the Magician (Deep Elf Hedge Wizard)        Turns: 1473, Time: 00:04:32

Health: -2/20      AC:  3    Str:  7    XL:     3   Next: 64%
Magic:  1/11       EV: 11    Int: 19    God:
Gold:   27         SH:  0    Dex: 14    Spells: 1/12 levels left

rFire    . . .     SeeInvis .   d - +0 dagger (venom)
rCold    . . .     Faith    .   (no shield)
rNeg     . . .     Spirit   .   e - +0 leather armour
rPois    .         Reflect  .   c - +0 hat
rElec    .         Harm     .   (no cloak)
rCorr    .         Rampage  .   (no gloves)
Will     .....                  (no boots)
Stlth    ++........             (no amulet)
HPRegen  0.06/turn              (no ring)
MPRegen  0.12/turn              (no ring)

@: very slightly contaminated
A: no striking features
a: no special abilities


You were on level 2 of the Dungeon.
You visited 1 branch of the dungeon, and saw 2 of its levels.

You collected 27 gold pieces.

Inventory:

Hand Weapons
 d - a +0 dagger of venom (weapon)
Armour
 c - a +0 hat (worn)
 e - a +0 leather armour (worn)
Scrolls
 a - 3 scrolls of identify {unknown}
 b - a scroll of vulnerability {unknown}


   Skills:
 + Level 1.0 Fighting
 + Level 1.0 Armour
 - Level 2.4 Dodging
 - Level 2.4 Stealth
 * Level 5.3 Spellcasting
 + Level 1.9 Conjurations
 - Level 1.1 Summonings
 - Level 1.1 Translocations


You had one spell level left.
You knew the following spells:

 Your Spells              Type           Power      Damage    Failure   Level
a - Magic Dart            Conj           48%        1d5       8%          1
b - Mephitic Cloud        Conj/Pois/Air  7%         N/A       38%         3
c - Call Imp              Summ           9%         N/A       17%         2
d - Blink                 Tloc           N/A        N/A       17%         2
e - Conjure Flame         Conj/Fire      8%         6-21      34%         3

Your spell library contained the following spells:

 Spells                   Type           Power      Damage    Failure   Level
 Slow                     Hex            5%         N/A       26%         2


Dungeon Overview and Level Annotations

Branches:
Dungeon (2/15)

Altars:


Message History

The gnoll is severely wounded.
Casting: Magic Dart (safe; 9% risk of failure)
Confirm with . or Enter, or press ? or * to list all spells.
Aiming: Magic Dart (safe; 9% risk of failure)
Press: ? - help, Shift-Dir - straight line, f/p - gnoll
Aim: a gnoll, wielding a +0 spear (severely wounded, 100% to hit)
The magic dart hits the gnoll but does no damage.
The gnoll is severely wounded.
The gnoll closely misses you.
A gnoll comes into view. It is wielding a +0 club.
Things that are here:
a +0 dagger; 3 stones The gnoll closely misses you.
Things that are here:
a +0 dagger; 3 stones You hit the gnoll but do no damage.
The gnoll is poisoned.
The gnoll is severely wounded.
A gnoll comes into view. It is wielding a +0 spear.
The gnoll hits you with a +0 spear.
You barely miss the gnoll.
The gnoll is severely wounded.
The gnoll hits you with a +0 spear. The gnoll barely misses you.
You closely miss the gnoll.
The gnoll is severely wounded.
The gnoll hits you with a +0 spear! The gnoll misses you.
The gnoll barely misses you.
There is a stone staircase leading up here.
You kill the gnoll!
Your Fighting skill increases to level 1!
Casting: Magic Dart (safe; 8% risk of failure)
Confirm with . or Enter, or press ? or * to list all spells.
The spell is potentially lethal to cast (38% risk of failure)!
Continue anyway?
Aiming: Mephitic Cloud (potentially lethal; 38% risk of failure)
Press: ? - help, Shift-Dir - straight line, f - gnoll
Aim: a gnoll, wielding a +0 halberd (chance to affect: 91%)
You miscast Mephitic Cloud.
You are very lightly contaminated with residual magic.
Sparks fly from your hands!
Ouch! That really hurt!
You die...

.......).(.=....
#>....$.......
#....†....# .
.#.........# ..
........g..#######. ...
##................. ....
#..........###### .....
#........g..#####......
..$........g.g).@.#
###...........###.......
#...........# #######
##.........##
##...#...## #########


You could see 3 gnolls.

Vanquished Creatures
  A gnoll (D:2)
  An adder (D:2)
  3 endoplasms (D:1)
  A giant cockroach (D:1)
  3 goblins (D:1)
  5 hobgoblins (D:1)
  2 jackals (D:1)
  3 ball pythons (D:1)
  2 bats
  2 frilled lizards (D:1)
  5 kobolds
  7 rats
35 creatures vanquished.

Notes
Turn   | Place    | Note
-------+----------+-------------------------------------------
     0 | D:1      | pokeman the Deep Elf Hedge Wizard began the quest for the
                  | Orb.
     0 | D:1      | Reached XP level 1. HP: 10/10 MP: 7/7
   234 | D:1      | Reached XP level 2. HP: 9/15 MP: 1/9
  1113 | D:1      | Reached skill level 5 in Spellcasting
  1165 | D:1      | Reached XP level 3. HP: 16/20 MP: 1/11
  1169 | D:1      | Learned a level 3 spell: Mephitic Cloud
  1172 | D:1      | Learned a level 2 spell: Call Imp
  1175 | D:1      | Learned a level 2 spell: Blink
  1179 | D:1      | Learned a level 3 spell: Conjure Flame
  1409 | D:2      | Reached skill level 1 in Armour
  1473 | D:2      | Reached skill level 1 in Fighting
  1473 | D:2      | Killed by miscasting Mephitic Cloud

Illustrated notes

Levels and vault maps discovered:
D:1:      matt_arrival_grand_opening, layout_basic
D:2:      layout_rooms, basic_altar, hellmonk_ecumenical_altar_inner_sanctum

Skill      XL: |  1  2  3 |
---------------+----------+-----
Spellcasting   | 5 |  5.3
Armour         | 1 |  1.0
Fighting       | 1 |  1.0
Dodging        | |  2.4
Stealth        | |  2.4
Conjurations   | |  1.9
Summonings     | |  1.1
Translocations | |  1.1

Action                   || total
-------------------------++-------
Melee: Dagger            ||    13
 Cast: Magic Dart        ||    90
Armor: Robe              ||     1
       Leather armour    ||     2
Dodge: Dodged            ||    20

Table legend: (Time is in decaauts)
 A = Elapsed time spent in this place.
 B = Non-inter-level travel time spent in this place.
 C = Inter-level travel time spent in this place.
 D = Time resting spent in this place.
 E = Time spent auto-exploring this place.
 F = Levels seen in this place.
 G = Mean time per level.
                   A        B        C        D        E       F      G
               +--------+--------+--------+--------+--------+-----+--------+
         Total |   1472 |   1467 |      5 |     18 |   1249 |   2 |  736.0 |
       Dungeon |   1472 |   1467 |      5 |     18 |   1249 |   2 |  736.0 |
               +--------+--------+--------+--------+--------+-----+--------+

Top non-repeatable levels by time:
     D:1: 1313 daAuts
     D:2: 158 daAuts
